Kradschützen Motorcycle Team
Construct Light Support Kompanie
Selects L6/40 Light Tank Combat Group
le.IG 18 Mechanized Group
Construct Panzerarmee Kommand
Pak 38 Anti-tank Gun Team
Selects Towed Cannone da 105/28 Field Howitzer
Panzerjäger Mechanized Group
Walking Stuka Rocket Launcher
Selects Defensive Operations
Selects Territory Booby Traps
Panzerjäger Mechanized Group
Selects Obice 305mm Barrage
Towed Cannone da 105/28 Field Howitzer
Walking Stuka Rocket Launcher